Map: [ESL] Oceanborn

Players

trigger - Winner!

  • Race: Protoss Protoss
  • Spawn Location: 5:00

DisK

  • Race: Protoss Protoss
  • Spawn Location: 11:00

Event: ESL SC2 Masters 2023 Winter (Regional)

VOD

Have the link to the VOD?

Description

Time

  • Played on: Nov. 9, 2023, 2:07 p.m.
  • Length: 18:26

All games in this series

Show
View Real Time Build Order
Export as new Build Order

trigger Protoss - Winner!

Build Orders: Oracle Opening 

Get SALT Encoding   

  12  0:00  Probe  
  13  0:12  Probe  
  14  0:17  Pylon  
  14  0:24  Probe (Chrono Boost)  
  16  0:37  Gateway, Probe (Chrono Boost)  
  16  0:43  Probe (Chrono Boost)  
  16  0:46  Assimilator  
  17  0:51  Probe  
  17  0:54  Assimilator  
  18  1:03  Probe (Chrono Boost)  
  19  1:09  Gateway  
  19  1:12  Probe (Chrono Boost)  
  19  1:17  Probe (Chrono Boost)  
  20  1:24  Cybernetics Core  
  21  1:29  Probe  
  22  1:35  Pylon  
  22  1:41  Probe  
  23  1:53  Probe  
  24  2:00  Stalker x2  
  28  2:01  Warp Gate  
  28  2:12  Pylon  
  28  2:19  Robotics Facility  
  28  2:30  Stalker  
  28  2:32  Stalker  
  32  2:44  Probe  
  32  2:47  Stargate  
  33  2:56  Probe  
  34  3:08  Probe  
  35  3:14  Nexus  
  35  3:21  Probe  
  35  3:24  Pylon  
  36  3:28  Oracle (Chrono Boost)  
  39  3:38  Twilight Council  
  39  3:42  Probe  
  40  3:54  Probe (Chrono Boost)  
  39  3:57  Adept  
  39  3:58  Adept  
  43  4:07  Probe (Chrono Boost)  
  44  4:10  Blink (Chrono Boost)  
  44  4:14  Probe (Chrono Boost)  
  45  4:22  Probe (Chrono Boost)  
  46  4:30  Probe (Chrono Boost)  
  47  4:37  Probe x2  
  47  4:38  Stalker  
  47  4:40  Gateway  
  47  4:43  Stalker  
  49  4:49  Probe x2  
  51  5:01  Probe  
  51  5:02  Stalker, Probe  
  55  5:09  Stalker  
  55  5:12  Nexus  
  57  5:16  Pylon  
  57  5:17  Probe  
  58  5:24  Probe  
  58  5:27  Assimilator  
  59  5:29  Stalker  
  59  5:35  Probe  
  62  5:36  Stalker x2  
  62  5:37  Probe  
  62  5:41  Pylon  
  67  5:47  Probe  
  67  5:48  Forge  
  68  5:50  Probe  
  69  5:57  Pylon  
  69  5:59  Stalker x2  
  69  6:02  Stalker  
  75  6:05  Probe x2  
  77  6:17  Probe  
  77  6:18  Probe  
  79  6:25  Stalker x3, Probe (Chrono Boost)  
  82  6:30  Probe x2 (Chrono Boost)  
  82  6:31  Protoss Ground Weapons Level 1 (Chrono Boost)  
  80  6:37  Probe (Chrono Boost)  
  80  6:39  Robotics Facility  
  83  6:41  Probe x2 (Chrono Boost)  
  83  6:44  Probe (Chrono Boost)  
  83  6:46  Probe x2 (Chrono Boost)  
  87  6:55  Stalker x3  
  87  6:58  Probe  
  87  7:00  Assimilator  
  93  7:02  Gateway x2  
  93  7:06  Gateway  
  93  7:10  Probe x3  
  93  7:13  Pylon  
  93  7:15  Pylon  
  96  7:18  Stalker x2  
  100  7:29  Observer (Chrono Boost)  
  101  7:31  Stalker  
  101  7:34  Pylon  
  103  7:38  Nexus  
  103  7:41  Warp Prism (Chrono Boost), Stalker x2  
  109  7:53  Pylon  
  109  7:54  Stalker  
  109  7:57  Stalker x2  
  115  8:03  Shield Battery  
  115  8:05  Stalker x2  
  119  8:09  Probe  
  117  8:17  Gateway  
  117  8:18  Stalker  
  119  8:20  Gateway, Stalker  
  119  8:21  Stalker  
  119  8:22  Probe  
  124  8:32  Shield Battery  
  124  8:33  Shield Battery  
  122  8:40  Stalker  
  122  8:44  Stalker x4  
  126  8:51  Probe x3  
  127  8:58  Probe  
  127  9:03  Shield Battery  
  127  9:05  Photon Cannon, Stalker x2  
  127  9:09  Stalker x2, Pylon  
  135  9:14  Stalker  
  135  9:17  Stalker  
  139  9:18  Protoss Ground Weapons Level 2 (Chrono Boost)  
  139  9:21  Pylon  
  139  9:23  Pylon  
  139  9:30  Stalker x2  
  141  9:34  Stalker x2  
  141  9:36  Zealot  
  133  9:45  Stalker x2  
  135  9:53  Photon Cannon, Adept x2  
  135  9:59  Shield Battery  
  139  10:00  Stalker x2  
  143  10:08  Probe  
  143  10:09  Probe  
  143  10:13  Probe  
  145  10:14  Assimilator  
  145  10:20  Stalker x4  
  153  10:24  Stalker  
  149  10:30  Photon Cannon  
  149  10:31  Photon Cannon  
  149  10:35  Stalker x2  
  153  10:37  Pylon  
  153  10:39  Stalker  
  153  10:41  Photon Cannon  
  153  10:42  Pylon  
  155  10:43  Pylon  
  147  10:52  Stalker x3  
  141  10:57  Stalker  
  139  11:10  Stalker x2  
  137  11:12  Stalker  
  137  11:15  Probe, Stalker x3  
  137  11:16  Probe x3  
  137  11:18  Assimilator  
  129  11:20  Warp Prism  
  131  11:26  Protoss Ground Armor Level 1 (Chrono Boost)  
  131  11:28  Probe x3  
  131  11:30  Probe  
  135  11:37  Nexus  
  133  11:40  Stalker x5  
  133  11:42  Pylon  
  133  11:43  Observer  
  125  11:54  Probe  
  125  11:59  Gateway  
  125  12:00  Gateway, Forge  
  126  12:02  Stalker x3  
  132  12:10  Observer  
  133  12:15  Stalker x2  
  133  12:16  Stalker x3  
  133  12:19  Assimilator, Shield Battery  
  133  12:21  Photon Cannon, Probe x2  
  143  12:29  Probe  
  142  12:36  Stalker x3  
  148  12:40  Probe  
  148  12:43  Protoss Ground Weapons Level 3 (Chrono Boost)  
  149  12:46  Photon Cannon  
  149  12:48  Photon Cannon  
  149  12:49  Pylon  
  149  12:50  Shield Battery  
  149  12:51  Charge (Chrono Boost)  
  147  12:54  Probe  
  149  12:58  Stalker x4  
  149  12:59  Stalker  
  149  13:03  Observer  
  159  13:06  Stalker  
  159  13:10  Stalker x2  
  165  13:13  Stalker  
  165  13:17  Photon Cannon  
  167  13:21  Assimilator  
  167  13:23  Probe x2  
  167  13:25  Protoss Shields Level 1 (Chrono Boost)  
  165  13:46  Robotics Facility  
  165  13:47  Robotics Bay  
  165  13:49  Dark Shrine  
  165  13:50  Photon Cannon  
  165  13:55  Zealot x10, Assimilator  
  185  13:56  Observer  
  185  13:59  Pylon  
  185  14:02  Photon Cannon  
  185  14:25  Pylon  
  178  14:36  Disruptor (Chrono Boost)  
  178  14:38  Zealot x4  
  172  14:42  Disruptor (Chrono Boost)  
  172  14:43  Gravitic Boosters  
  178  14:47  Zealot x6  
  178  15:01  Shadow Stride (Chrono Boost)  
  178  15:02  Dark Templar x4  
  178  15:07  Protoss Ground Armor Level 2 (Chrono Boost), Pylon  
  186  15:12  Disruptor (Chrono Boost), Protoss Shields Level 2 (Chrono Boost)  
  190  15:18  Nexus  
  184  15:35  Disruptor  
  162  16:00  Zealot x5  
  162  16:01  Zealot x5  
  162  16:04  Shield Battery  
  178  16:05  Probe x2  
  178  16:06  Disruptor, Photon Cannon  
  178  16:07  Photon Cannon  
  178  16:09  Pylon  
  180  16:11  Disruptor  
  184  16:18  Photon Cannon  
  184  16:19  Photon Cannon  
  184  16:22  Pylon  
  181  16:36  Disruptor  
  181  16:39  Gateway  
  173  16:41  Gateway  
  173  16:43  Dark Templar x4  
  173  16:45  Gateway  
  175  16:47  Observer  
  176  17:08  Disruptor, Stalker x6  
  179  17:11  Disruptor  
  191  17:18  Zealot x4  
  191  17:27  Photon Cannon  
  191  17:29  Photon Cannon  
  190  17:31  Photon Cannon  
  190  17:32  Zealot x5  
  200  17:44  Disruptor  
Show
View Real Time Build Order
Export as new Build Order

DisK Protoss 

Build Orders: Blink Stalkers 

Get SALT Encoding   

  12  0:00  Probe  
  13  0:12  Probe  
  14  0:17  Pylon  
  14  0:24  Probe  
  15  0:35  Gateway  
  15  0:36  Probe (Chrono Boost)  
  16  0:47  Assimilator  
  16  0:48  Probe (Chrono Boost)  
  17  0:53  Probe (Chrono Boost)  
  17  0:55  Assimilator  
  18  1:03  Probe (Chrono Boost)  
  19  1:08  Gateway  
  19  1:15  Probe (Chrono Boost)  
  20  1:20  Probe (Chrono Boost)  
  20  1:24  Cybernetics Core  
  21  1:29  Probe  
  22  1:34  Pylon  
  22  1:41  Probe  
  23  1:53  Probe  
  24  2:00  Sentry, Stalker  
  28  2:03  Warp Gate (Chrono Boost)  
  28  2:05  Probe  
  29  2:09  Pylon  
  29  2:26  Pylon  
  29  2:38  Nexus  
  29  2:44  Shield Battery  
  29  2:51  Stalker  
  31  2:58  Stalker  
  33  3:09  Probe  
  33  3:10  Pylon  
  34  3:22  Twilight Council, Probe  
  37  3:34  Probe  
  36  3:36  Pylon  
  36  3:44  Stalker x2  
  40  3:54  Probe  
  40  3:55  Blink (Chrono Boost), Shield Battery  
  39  3:56  Probe  
  40  4:06  Probe  
  40  4:08  Probe  
  42  4:12  Stalker  
  44  4:19  Stalker  
  44  4:21  Probe  
  44  4:23  Probe  
  44  4:40  Probe x2 (Chrono Boost)  
  44  4:42  Phoenix  
  46  4:47  Stalker x2  
  46  4:50  Probe (Chrono Boost)  
  46  4:51  Probe (Chrono Boost)  
  52  4:56  Probe  
  52  4:57  Probe  
  54  5:05  Nexus  
  54  5:10  Pylon  
  54  5:11  Probe  
  54  5:13  Probe  
  56  5:23  Robotics Facility  
  56  5:24  Probe  
  56  5:25  Probe  
  58  5:28  Shield Battery  
  58  5:36  Probe  
  58  5:37  Probe  
  58  5:42  Forge  
  60  5:44  Stalker  
  60  5:46  Stalker  
  60  5:48  Probe  
  60  5:49  Probe  
  66  5:56  Gateway  
  66  5:58  Gateway  
  66  6:00  Probe  
  66  6:01  Probe  
  68  6:08  Pylon  
  68  6:10  Observer  
  69  6:12  Probe  
  69  6:17  Probe x2  
  72  6:20  Charge  
  72  6:22  Stalker x2  
  72  6:24  Probe  
  75  6:29  Probe x2  
  75  6:32  Protoss Ground Weapons Level 1 (Chrono Boost)  
  73  6:36  Probe  
  73  6:39  Gateway  
  74  6:40  Gateway  
  74  6:41  Probe x2  
  76  6:54  Gateway  
  76  6:55  Pylon, Stalker  
  76  6:56  Stalker  
  76  6:57  Gateway  
  80  7:02  Gateway  
  80  7:03  Gateway  
  80  7:06  Pylon  
  80  7:11  Pylon  
  80  7:12  Shield Battery  
  80  7:14  Stalker  
  82  7:15  Stalker  
  84  7:24  Probe  
  84  7:25  Zealot x2, Probe  
  84  7:27  Observer  
  84  7:28  Pylon  
  84  7:29  Pylon  
  90  7:36  Warp Prism (Chrono Boost)  
  92  7:37  Stalker  
  92  7:39  Stalker  
  96  7:47  Pylon  
  96  7:51  Adept x2  
  96  7:53  Zealot x4  
  108  8:02  Zealot x3  
  114  8:11  Zealot x3  
  120  8:16  Zealot x4  
  128  8:33  Nexus  
  124  8:36  Zealot x5  
  122  8:54  Stalker x5  
  126  9:03  Protoss Ground Weapons Level 2 (Chrono Boost)  
  126  9:04  Zealot x5  
  126  9:08  Pylon  
  136  9:18  Zealot  
  136  9:19  Zealot  
  128  9:32  Zealot x5  
  128  9:33  Zealot x3  
  118  9:41  Immortal  
  118  9:44  Probe x3  
  123  9:45  Probe  
  118  9:56  Assimilator, Probe  
  118  9:57  Assimilator  
  118  9:58  Probe  
  120  10:08  Stalker x6  
  120  10:13  Probe x2  
  130  10:14  Observer, Zealot, Shield Battery  
  130  10:20  Immortal (Chrono Boost)  
  118  10:31  Stalker x3  
  118  10:33  Stalker  
  122  10:36  Stalker  
  122  10:37  Zealot x2  
  122  10:41  Zealot  
  132  10:43  Zealot x2  
  112  10:57  Zealot x4  
  112  11:00  Zealot x3  
  106  11:15  Zealot x3  
  106  11:18  Zealot x4  
  104  11:24  Stalker x3  
  94  11:37  Stalker x3  
  94  11:38  Stalker x3  
  96  11:48  Zealot x3  
  98  11:54  Zealot  
  100  12:01  Stalker x3  
  100  12:03  Stalker  
  100  12:08  Shield Battery  
  104  12:09  Probe x3  
  104  12:11  Probe  
  108  12:18  Stalker x2  
  108  12:19  Stalker  
  110  12:32  Probe x3  
  110  12:33  Robotics Facility  
  110  12:34  Robotics Bay  
  110  12:35  Zealot x2  
  112  12:39  Probe  
  112  12:43  Stalker x2  
  116  12:47  Zealot x2  
  116  12:49  Probe x3  
  123  12:56  Observer  
  123  12:58  Pylon  
  123  13:00  Assimilator  
  123  13:01  Stalker  
  123  13:02  Stalker  
  123  13:04  Assimilator  
  123  13:05  Probe x2  
  129  13:13  Stalker x2  
  129  13:14  Stalker  
  129  13:18  Disruptor (Chrono Boost)  
  135  13:21  Disruptor (Chrono Boost)  
  142  13:32  Stalker x3  
  142  13:40  Stalker x2  
  146  13:44  Stalker  
  146  13:45  Stalker  
  151  13:52  Disruptor (Chrono Boost)  
  154  13:55  Disruptor (Chrono Boost)  
  154  14:01  Photon Cannon x2  
  158  14:05  Shield Battery  
  156  14:12  Stalker x4  
  163  14:21  Pylon  
  163  14:24  Pylon  
  159  14:30  Zealot x4  
  161  14:38  Zealot x5  
  165  14:47  Disruptor x2 (Chrono Boost)  
  168  14:57  Stalker x3  
  172  15:03  Probe  
  172  15:04  Protoss Ground Weapons Level 3 (Chrono Boost)  
  172  15:05  Photon Cannon  
  173  15:15  Pylon  
  173  15:20  Zealot x2  
  155  15:39  Observer (Chrono Boost)  
  153  15:46  Stalker x7  
  148  16:09  Stalker x3  
  154  16:18  Stalker x3  
  160  16:31  Probe x2  
  162  16:40  Stalker x5  
  170  16:49  Pylon  
  161  17:09  Robotics Facility  
  161  17:10  Photon Cannon  
  161  17:11  Photon Cannon  
  161  17:14  Stalker x6  
  133  17:43  Stalker x4  
Tags
 
Add a new tag
Caveats
  • Supply blocks, unpowered buildings, or Contaminate may cause inaccurate times.
  • Supply counts are checked every 10 seconds.